General information
- name: BNet
- type: Ladder team game (AT/RT)
- host: Battle.net
- saver: humankingtomvip
map: Friends
- players: 8
- length: 29:33
- speed: Fast
- version: 1.26 W3XP
- replay type: Public
» download(193 KB)
Players
team 1 (winner)

»
PhyUcK_u_aLL (
blue | 42 APM | 1244 actions | 29:29)
7 Pandaren Brewmaster
3 Breath of Fire
3 Drunken Haze
1 Storm Earth and Fire
6 Paladin
3 Holy Light
2 Divine Shield
1 Resurrection
» actions
| Assign group hotkey | 31 | |
| Basic commands | 10 | |
| Build / train | 84 | |
| ESC pressed | 1 | |
| Enter build submenu | 20 | |
| Enter hero's abilities submenu | 13 | |
| Remove unit from queue | 1 | |
| Right click | 493 | |
| Select / deselect | 294 | |
| Select group hotkey | 202 | |
| Use ability | 95 | |
1244 total
» units
| Peasant | 15 | |
| Footman | 12 | |
| Forest Troll Shadow Priest | 1 | |
| Knight | 13 | |
| Siege Engine | 7 | |
| Goblin Zeppelin | 1 | |
49 total
» upgrades
| Defend | 1 | |
| Barrage | 1 | |
| Plating | 2 | |
| Swords | 1 | |
| Gunpowder | 1 | |
6 total
» buildings
| Barracks | 2 | |
| Farm | 10 | |
| Altar of Kings | 1 | |
| Scout Tower | 2 | |
| Arcane Tower | 1 | |
| Lumber Mill | 2 | |
| Keep | 1 | |
| Arcane Vault | 1 | |
| Castle | 1 | |
| Blacksmith | 1 | |
| Workshop | 2 | |
24 total
» build order
00:32 Barracks
00:39 Farm
00:44 Farm
00:55 Altar of Kings
01:39 Farm
01:40 Farm
04:12 Scout Tower
04:26 Arcane Tower
05:05 Lumber Mill
05:24 Keep
05:30 Arcane Vault
07:42 Farm
07:43 Farm
07:48 Castle
08:18 Blacksmith
10:07 Barracks
10:16 Workshop
10:45 Farm
10:45 Farm
10:52 Lumber Mill
11:16 Workshop
15:47 Farm
17:40 Scout Tower
21:46 Farm
» items
| Scroll of Regeneration | 2 | |
| Lesser Clarity Potion | 1 | |
| Scroll of Town Portal | 2 | |
5 total
humankingtomvip (
green | 72 APM | 2143 actions | 29:33)
9 Pandaren Brewmaster
3 Breath of Fire
3 Drunken Brawler
1 Storm Earth and Fire
2 Drunken Haze
» actions
| Assign group hotkey | 160 | |
| Basic commands | 44 | |
| Build / train | 94 | |
| ESC pressed | 4 | |
| Enter build submenu | 28 | |
| Enter hero's abilities submenu | 9 | |
| Right click | 825 | |
| Select / deselect | 249 | |
| Select group hotkey | 582 | |
| Use ability | 148 | |
2143 total
» units
| Peasant | 13 | |
| Footman | 6 | |
| Goblin Shredder | 2 | |
| Gryphon Rider | 11 | |
| Goblin Zeppelin | 1 | |
| Dragonhawk Rider | 10 | |
43 total
» upgrades
| Storm Hammers | 1 | |
| Swords | 3 | |
| Armor | 3 | |
| Animal War Training | 1 | |
| Cloud | 1 | |
| Masonry | 1 | |
10 total
» buildings
| Altar of Kings | 1 | |
| Farm | 12 | |
| Barracks | 1 | |
| Lumber Mill | 1 | |
| Scout Tower | 6 | |
| Keep | 2 | |
| Arcane Tower | 3 | |
| Arcane Vault | 2 | |
| Blacksmith | 1 | |
| Castle | 1 | |
| Gryphon Aviary | 3 | |
| Town Hall | 1 | |
| Guard Tower | 1 | |
35 total
» build order
00:21 Altar of Kings
00:35 Farm
00:55 Barracks
01:11 Farm
01:36 Farm
02:45 Lumber Mill
02:51 Scout Tower
02:52 Farm
03:36 Keep
03:36 Keep
03:48 Arcane Tower
03:55 Arcane Vault
04:25 Farm
04:28 Scout Tower
05:37 Blacksmith
06:26 Castle
06:38 Arcane Tower
06:59 Scout Tower
08:05 Arcane Tower
08:19 Gryphon Aviary
08:19 Gryphon Aviary
08:19 Gryphon Aviary
08:23 Farm
08:23 Farm
08:23 Farm
08:23 Farm
09:12 Arcane Vault
11:08 Town Hall
12:41 Scout Tower
12:42 Scout Tower
12:43 Scout Tower
13:23 Guard Tower
18:44 Farm
24:30 Farm
» items
| Scroll of Town Portal | 5 | |
| Moonstone | 2 | |
| Lesser Clarity Potion | 4 | |
| Scroll of Regeneration | 8 | |
| Staff of Sanctuary | 1 | |
20 total
FlintPINstitch (
orange | 41 APM | 1197 actions | 29:29)
6 Pandaren Brewmaster
2 Breath of Fire
2 Drunken Brawler
1 Drunken Haze
1 Storm Earth and Fire
4 Pit Lord
2 Howl of Terror
1 Cleaving Attack
1 Rain of Fire
1 Keeper of the Grove
1 Force of Nature
» actions
| Assign group hotkey | 47 | |
| Basic commands | 73 | |
| Build / train | 94 | |
| Enter build submenu | 22 | |
| Enter hero's abilities submenu | 12 | |
| Right click | 234 | |
| Select / deselect | 340 | |
| Select group hotkey | 276 | |
| Use ability | 99 | |
1197 total
» units
| Wisp | 18 | |
| Huntress | 10 | |
| Druid of the Claw | 6 | |
| Hippogryph | 6 | |
| Dryad | 3 | |
| Forest Troll Shadow Priest | 1 | |
| Druid of the Talon | 2 | |
| Faerie Dragon | 2 | |
48 total
» upgrades
| Moon Armor | 1 | |
| Strength of the Moon | 2 | |
| Druid of the Claw Training | 2 | |
| Well Spring | 1 | |
| Upgrade Moon Glaive | 1 | |
| Nature's Blessing | 1 | |
| Abolish Magic | 1 | |
| Reinforced Hides | 1 | |
| Strength of the Wild | 1 | |
11 total
» buildings
| Moon Well | 6 | |
| Altar of Elders | 1 | |
| Ancient of War | 1 | |
| Hunter's Hall | 1 | |
| Tree of Ages | 1 | |
| Ancient of Wonders | 3 | |
| Ancient Protector | 4 | |
| Ancient of Lore | 1 | |
| Tree of Eternity | 1 | |
| Ancient of Wind | 1 | |
| Arcane Tower | 1 | |
21 total
» build order
00:16 Moon Well
00:26 Altar of Elders
01:06 Ancient of War
01:57 Moon Well
02:55 Hunter's Hall
03:35 Tree of Ages
03:55 Moon Well
04:35 Ancient of Wonders
04:53 Ancient Protector
05:54 Moon Well
06:07 Ancient of Lore
07:13 Ancient Protector
07:19 Ancient of Wonders
07:45 Ancient Protector
07:48 Ancient of Wonders
09:38 Tree of Eternity
09:43 Ancient of Wind
11:21 Arcane Tower
12:43 Moon Well
20:18 Ancient Protector
28:34 Moon Well
» items
| Alleria's Flute of Accuracy | 1 | |
| Scroll of Regeneration | 2 | |
| Lesser Clarity Potion | 1 | |
| Scroll of Town Portal | 5 | |
| Orb of Fire | 2 | |
| Ivory Tower | 5 | |
| Potion of Healing | 1 | |
| Inferno Stone | 1 | |
18 total
TheAlchemist (
pink | 49 APM | 1443 actions | 29:29)
7 Pandaren Brewmaster
3 Breath of Fire
3 Drunken Brawler
1 Storm Earth and Fire
» actions
| Assign group hotkey | 37 | |
| Basic commands | 78 | |
| Build / train | 56 | |
| Enter build submenu | 22 | |
| Enter hero's abilities submenu | 7 | |
| Right click | 666 | |
| Select / deselect | 270 | |
| Select group hotkey | 235 | |
| Use ability | 72 | |
1443 total
» units
| Peasant | 10 | |
| Rifleman | 12 | |
| Goblin Zeppelin | 1 | |
| Goblin Shredder | 1 | |
24 total
» upgrades
| Lumber Harvesting | 1 | |
| Long Rifles | 1 | |
| Gunpowder | 3 | |
| Armor | 3 | |
| Masonry | 1 | |
9 total
» buildings
| Altar of Kings | 1 | |
| Farm | 12 | |
| Scout Tower | 8 | |
| Arcane Tower | 1 | |
| Keep | 1 | |
| Barracks | 2 | |
| Blacksmith | 1 | |
| Arcane Vault | 1 | |
| Lumber Mill | 1 | |
| Guard Tower | 3 | |
| Castle | 1 | |
| Town Hall | 1 | |
33 total
» build order
00:12 Altar of Kings
00:30 Farm
01:26 Farm
01:52 Farm
03:07 Scout Tower
03:12 Scout Tower
03:55 Arcane Tower
04:13 Scout Tower
04:15 Keep
04:23 Barracks
04:25 Blacksmith
04:28 Arcane Vault
04:33 Farm
04:34 Farm
04:46 Lumber Mill
05:16 Farm
05:18 Farm
05:19 Farm
05:22 Scout Tower
05:23 Scout Tower
06:31 Guard Tower
06:34 Guard Tower
06:39 Barracks
08:27 Farm
09:16 Farm
10:19 Castle
13:54 Town Hall
17:43 Scout Tower
17:44 Scout Tower
17:45 Scout Tower
18:57 Guard Tower
20:23 Farm
20:25 Farm
» items
| Scroll of Regeneration | 2 | |
| Potion of Healing | 1 | |
| Lesser Clarity Potion | 1 | |
| Potion of Mana | 1 | |
| Belt of Giant Strength +6 | 1 | |
| Scroll of Town Portal | 3 | |
9 total
team 2 (loser)

»
xtiger (
purple | 39 APM | 941 actions | 24:09)
4 Death Knight
2 Death Coil
2 Unholy Aura
4 Lich
2 Frost Nova
2 Frost Armor
» actions
| Assign group hotkey | 13 | |
| Basic commands | 13 | |
| Build / train | 53 | |
| Enter build submenu | 18 | |
| Enter hero's abilities submenu | 8 | |
| Right click | 469 | |
| Select / deselect | 201 | |
| Select group hotkey | 94 | |
| Use ability | 72 | |
941 total
» units
| Acolyte | 13 | |
| Ghoul | 5 | |
| Crypt Fiend | 2 | |
| Frost Wyrm | 5 | |
25 total
» upgrades
| Web | 1 | |
| Burrow | 1 | |
| Freezing Breath | 1 | |
| Creature Attack | 1 | |
| Creature Carapace | 1 | |
5 total
» buildings
| Graveyard | 1 | |
| Altar of Darkness | 2 | |
| Crypt | 2 | |
| Ziggurat | 8 | |
| Tomb of Relics | 1 | |
| Nerubian Tower | 2 | |
| Halls of the Dead | 1 | |
| Black Citadel | 1 | |
| Sacrificial Pit | 1 | |
| Boneyard | 2 | |
21 total
» build order
00:16 Graveyard
00:25 Altar of Darkness
00:29 Crypt
00:50 Altar of Darkness
01:00 Ziggurat
01:17 Tomb of Relics
01:35 Crypt
01:56 Nerubian Tower
02:34 Ziggurat
04:38 Nerubian Tower
05:08 Halls of the Dead
05:27 Ziggurat
07:46 Black Citadel
07:49 Sacrificial Pit
10:19 Boneyard
10:20 Boneyard
10:23 Ziggurat
10:24 Ziggurat
12:32 Ziggurat
14:49 Ziggurat
14:51 Ziggurat
» items
| Rod of Necromancy | 2 | |
| Lesser Clarity Potion | 2 | |
| Orb of Corruption | 1 | |
| Potion of Healing | 1 | |
| Healing Salve | 1 | |
| Potion of Mana | 1 | |
| Scroll of Town Portal | 1 | |
9 total

»
sonecazzz (
yellow | 63 APM | 1663 actions | 26:17)
4 Blademaster
2 Wind Walk
2 Critical Strike
3 Shadow Hunter
2 Hex
1 Healing Wave
3 Tauren Chieftain
2 War Stomp
1 Endurance Aura
» actions
| Assign group hotkey | 124 | |
| Build / train | 82 | |
| Enter build submenu | 23 | |
| Enter hero's abilities submenu | 10 | |
| Give item / drop item | 4 | |
| Remove unit from queue | 2 | |
| Right click | 704 | |
| Select / deselect | 199 | |
| Select group hotkey | 414 | |
| Use ability | 101 | |
1663 total
» units
| Peon | 15 | |
| Grunt | 2 | |
| Tauren | 9 | |
| Goblin Zeppelin | 2 | |
| Shaman | 7 | |
| Troll Witch Doctor | 3 | |
38 total
» upgrades
| Armor | 3 | |
| Melee Weapons | 3 | |
| Shaman Training | 2 | |
| Witch Doctor Training | 2 | |
| Reinforced Defenses | 1 | |
| Pulverize | 1 | |
| Spiked Barricades | 2 | |
14 total
» buildings
| Altar of Storms | 1 | |
| Orc Burrow | 6 | |
| War Mill | 1 | |
| Barracks | 1 | |
| Stronghold | 1 | |
| Watch Tower | 7 | |
| Fortress | 1 | |
| Spirit Lodge | 2 | |
| Tauren Totem | 2 | |
| Great Hall | 1 | |
23 total
» build order
00:26 Altar of Storms
00:34 Orc Burrow
00:55 War Mill
01:23 Barracks
01:59 Orc Burrow
02:47 Orc Burrow
03:20 Stronghold
03:42 Watch Tower
05:39 Watch Tower
05:41 Watch Tower
06:52 Fortress
07:20 Orc Burrow
07:28 Watch Tower
07:29 Watch Tower
07:37 Spirit Lodge
08:51 Spirit Lodge
10:11 Tauren Totem
10:14 Tauren Totem
10:57 Orc Burrow
13:05 Orc Burrow
14:58 Watch Tower
17:14 Great Hall
21:53 Watch Tower
» items
| Healing Salve | 3 | |
| Orb of Lightning | 2 | |
| Lesser Clarity Potion | 2 | |
| The Lion Horn of Stormwind | 1 | |
| Scourge Bone Chimes | 3 | |
| Scroll of Town Portal | 1 | |
| Scroll of Speed | 1 | |
13 total
x2baileyg (
red | 33 APM | 881 actions | 26:50)
5 Blademaster
2 Wind Walk
3 Critical Strike
4 Shadow Hunter
2 Healing Wave
1 Hex
1 Serpent Ward
» actions
| Basic commands | 10 | |
| Build / train | 64 | |
| ESC pressed | 2 | |
| Enter build submenu | 31 | |
| Enter hero's abilities submenu | 9 | |
| Give item / drop item | 3 | |
| Right click | 298 | |
| Select / deselect | 309 | |
| Use ability | 155 | |
881 total
» units
| Peon | 15 | |
| Wind Rider | 12 | |
| Troll Batrider | 13 | |
| Raider | 1 | |
41 total
» upgrades
| Ranged Weapons | 1 | |
| Envenomed Spears | 1 | |
| Liquid Fire | 1 | |
| Ensnare | 1 | |
| Pillage | 1 | |
5 total
» buildings
| Altar of Storms | 1 | |
| Orc Burrow | 14 | |
| Voodoo Lounge | 1 | |
| War Mill | 2 | |
| Stronghold | 1 | |
| Beastiary | 3 | |
| Fortress | 1 | |
| Watch Tower | 8 | |
| Great Hall | 1 | |
32 total
» build order
00:17 Altar of Storms
00:20 Orc Burrow
01:04 Voodoo Lounge
01:12 Orc Burrow
02:08 War Mill
03:56 Stronghold
04:16 Orc Burrow
04:19 Orc Burrow
05:12 Orc Burrow
06:37 Beastiary
06:39 Beastiary
06:41 Beastiary
07:04 Fortress
07:06 Orc Burrow
08:22 Watch Tower
10:16 Watch Tower
11:56 Great Hall
12:06 Orc Burrow
16:57 Orc Burrow
16:59 Orc Burrow
17:02 Orc Burrow
17:05 Orc Burrow
17:54 Watch Tower
17:56 Watch Tower
17:59 Watch Tower
18:07 Watch Tower
18:09 Watch Tower
19:11 Watch Tower
21:46 Orc Burrow
21:48 Orc Burrow
21:50 Orc Burrow
22:58 War Mill
» items
| Healing Salve | 2 | |
| Orb of Lightning | 1 | |
| Orb of Corruption | 1 | |
| Potion of Mana | 1 | |
5 total
BoeNarrow (
teal | 53 APM | 1554 actions | 29:29)
4 Keeper of the Grove
2 Entangling Roots
2 Thorns Aura
» actions
| Assign group hotkey | 22 | |
| Basic commands | 26 | |
| Build / train | 84 | |
| Enter build submenu | 28 | |
| Enter hero's abilities submenu | 4 | |
| Right click | 808 | |
| Select / deselect | 259 | |
| Select group hotkey | 258 | |
| Use ability | 65 | |
1554 total
» units
| Wisp | 36 | |
| Huntress | 16 | |
| Glaive Thrower | 2 | |
| Dryad | 14 | |
| Archer | 1 | |
69 total
» upgrades
| Abolish Magic | 1 | |
| Strength of the Wild | 1 | |
| Sentinel | 1 | |
| Strength of the Moon | 1 | |
4 total
» buildings
| Altar of Elders | 1 | |
| Moon Well | 8 | |
| Hunter's Hall | 1 | |
| Ancient of Wonders | 3 | |
| Ancient Protector | 9 | |
| Ancient of War | 1 | |
| Tree of Ages | 1 | |
| Ancient of Lore | 1 | |
25 total
» build order
00:12 Altar of Elders
00:14 Moon Well
01:15 Hunter's Hall
02:06 Moon Well
02:16 Ancient of Wonders
02:20 Ancient of Wonders
02:31 Ancient Protector
03:41 Ancient Protector
04:13 Ancient Protector
04:24 Ancient of War
04:48 Ancient Protector
05:39 Moon Well
05:55 Tree of Ages
06:55 Moon Well
06:59 Ancient Protector
07:09 Ancient of Wonders
08:19 Ancient of Lore
08:23 Moon Well
10:04 Ancient Protector
13:28 Moon Well
14:28 Moon Well
15:30 Moon Well
17:32 Ancient Protector
18:25 Ancient Protector
18:28 Ancient Protector
» items
| Potion of Healing | 2 | |
| Scroll of Town Portal | 2 | |
| Orb of Lightning | 1 | |
5 total
Chat log
(00:06 / Allies) humankingtomvip: u gusy wanna go 4x panda
(00:09 / Allies) humankingtomvip: and rape a base with aoe at start?
(00:11 / Allies) humankingtomvip: answer fast
(00:18 / Allies) FlintPINstitch: yeah lets do it
(00:18 / Allies) TheAlchemist: if all is in i am
(00:22 / Allies) PhyUcK_u_aLL: hm
(00:23 / Allies) humankingtomvip: last guy?
(00:24 / Allies) PhyUcK_u_aLL: ill try it
(00:26 / Allies) humankingtomvip: k
(00:39 / Allies) humankingtomvip: send a worker and share control
(00:42 / Allies) humankingtomvip: we all 4 get it at same base
(00:43 / Allies) FlintPINstitch: yup
(00:49 / Allies) FlintPINstitch: i got it pink
(01:00 / Allies) FlintPINstitch: pink get back
(01:03 / Allies) humankingtomvip: try not to go right thru his town
(01:04 / Allies) TheAlchemist: u get abck
(01:09 / Allies) FlintPINstitch: lol
(01:15 / Allies) TheAlchemist: im goijn bakc
(01:22 / Allies) humankingtomvip: elf share with all
(01:24 / Allies) humankingtomvip: so we can buy
(01:25 / Allies) FlintPINstitch: we have to run through their base that way if we retreat
(01:29 / Allies) humankingtomvip: we going panda right?
(01:35 / Allies) TheAlchemist: ya
(01:40 / Allies) FlintPINstitch: yeah who got what?
(01:40 / Allies) humankingtomvip: share control
(01:51 / Allies) PhyUcK_u_aLL: fire breath, right?
(01:56 / Allies) humankingtomvip: ya
(01:59 / Allies) humankingtomvip: all breath
(02:02 / Allies) FlintPINstitch: imma get haze
(02:05 / Allies) FlintPINstitch: naw
(02:05 / Allies) humankingtomvip: no
(02:07 / Allies) humankingtomvip: its not worth it
(02:14 / Allies) humankingtomvip: i dont even get haze second
(02:27 / Allies) humankingtomvip: save breath for 5 or more units
(02:29 / Allies) humankingtomvip: dotn use on just one or two
(02:44 / All) TheAlchemist: for pandaria
(02:49 / Allies) PhyUcK_u_aLL: gladly
(02:49 / All) TheAlchemist: LOL
(02:57 / Allies) humankingtomvip: get acos
(02:58 / Allies) humankingtomvip: ACOS
(03:06 / Allies) humankingtomvip: all breath acos
(03:07 / Allies) humankingtomvip: all breath acos
(03:08 / Allies) FlintPINstitch: heros
(03:09 / Allies) humankingtomvip: this hero is good f or aoe
(03:12 / Allies) humankingtomvip: nto hero focus
(03:29 / All) TheAlchemist: porr oh
(03:39 / Allies) humankingtomvip: go home and heal all
(03:44 / Allies) humankingtomvip: we need full mana again
(04:08 / Allies) humankingtomvip: LOL
(04:11 / Allies) humankingtomvip: bro you got RAPED
(04:14 / Allies) humankingtomvip: they did u worse than we did them
(05:11 / Allies) humankingtomvip: breath is horrible vs one unit
(05:26 / Allies) FlintPINstitch: wells
(05:27 / Allies) humankingtomvip: creep to 3
(05:29 / Allies) FlintPINstitch: what's it matter
(06:17 / Allies) humankingtomvip: maphac kin turd
(06:48 / Allies) FlintPINstitch: meet
(08:37 / Allies) humankingtomvip: later on when big fights happen
(08:40 / Allies) humankingtomvip: save breaths for big groups
(08:43 / Allies) humankingtomvip: diotn use on heros or somethign
(10:01 / Allies) humankingtomvip: expos open
(11:17 / Allies) humankingtomvip: get a zepp and do that one
(11:19 / Allies) humankingtomvip: ill help with air
(12:11 / Allies) humankingtomvip: b
(12:12 / Allies) humankingtomvip: b
(12:12 / Allies) humankingtomvip: b
(13:08 / Allies) TheAlchemist: wat u8 doin blue
(13:08 / Allies) FlintPINstitch: why you towering base green?
(13:20 / Allies) humankingtomvip: a little hit and run never hurt anyone
(13:26 / Allies) PhyUcK_u_aLL: i wanna clkear mid...
(13:51 / Allies) FlintPINstitch: TP
(14:42 / Allies) TheAlchemist: move tanks
(14:43 / Allies) TheAlchemist: fuckgead
(15:20 / Allies) TheAlchemist: b
(15:21 / Allies) humankingtomvip: u guys have no aaa
(15:25 / Allies) humankingtomvip: all u have is tier 1 melee and tier 3 melee
(15:26 / Allies) TheAlchemist: me
(15:30 / Allies) humankingtomvip: tier 1 aa :s
(15:58 / All) TheAlchemist: wow
(16:13 / Allies) TheAlchemist: gold?
(16:24 / Allies) humankingtomvip: we cant win with hunts
(16:24 / Allies) humankingtomvip: period
(16:27 / Allies) humankingtomvip: get some goddamn tier 3
(16:43 / Allies) TheAlchemist: blue and oj fukcign suck
(17:29 / Allies) TheAlchemist: they counter now
(17:30 / Allies) humankingtomvip: u gusy better tower ur bases
(17:31 / Allies) TheAlchemist: get tps
(17:51 / Allies) TheAlchemist: they have frozen breath
(18:26 / Allies) TheAlchemist: get tauren
(19:18 / All) humankingtomvip: were losing? better YANK!
(19:38 / Allies) TheAlchemist: lvl 6
(20:11 / Allies) TheAlchemist: green come
(20:31 / Allies) humankingtomvip: get ready to tp
(20:35 / Allies) humankingtomvip: im gonna go burrow rape the orc
(20:37 / Allies) humankingtomvip: dont follow me
(20:37 / Allies) humankingtomvip: tp
(20:45 / Allies) TheAlchemist: get back
(20:47 / Allies) TheAlchemist: buy tps
(21:29 / Allies) TheAlchemist: lets go use our level 6 on them
(21:40 / Allies) humankingtomvip: iw ish they had races that were aweaker vs aoe
(21:41 / Allies) humankingtomvip: like human
(21:59 / All) FlintPINstitch: lol
(22:49 / All) TheAlchemist: get owned faggets
(24:38 / Allies) FlintPINstitch: finish
(24:51 / All) TheAlchemist: btw rifles own
(25:07 / All) BoeNarrow: btw talk to your allies for fuck's sake
(25:12 / All) humankingtomvip: lol
(25:24 / All) TheAlchemist: ooo a cry baby i loooove it
(25:28 / All) TheAlchemist: plz cry more
(25:34 / All) BoeNarrow: how am I crying?
(25:36 / All) TheAlchemist: fucking rooting clown
(25:43 / All) TheAlchemist: dryads versing rifles are u seirous?
(25:48 / All) BoeNarrow: you're crying on the inside; thinknig you need to elevate yourself like that
(25:56 / All) BoeNarrow: it's a team game
(26:03 / All) TheAlchemist: massss dryads versus rifles?
(26:07 / All) TheAlchemist: reeeeeallly teal
(26:11 / All) BoeNarrow: you're a moron
(26:12 / All) TheAlchemist: must b ur first game
(26:16 / All) BoeNarrow: it's not dryad vs rifles
(26:18 / All) TheAlchemist: u rooting little noob
(26:32 / All) TheAlchemist: root more fuckign clown
(26:38 / All) humankingtomvip: bm dOWN
(26:39 / All) humankingtomvip: BM DOWN
(26:43 / All) BoeNarrow: keep bitching, you child
(26:44 / All) humankingtomvip: CALL THE NOOBULANCE
(26:50 / All) TheAlchemist: ROOTS FOR THE WIN
(26:54 / All) TheAlchemist: GG TEAL
(26:57 / All) TheAlchemist: U FUCKING GENIOUS
(27:19 / All) TheAlchemist: FUCKING TRASHBAG TEAL LEAVE U FUCKING FAGGET BITCH
(27:23 / All) BoeNarrow: you all realize pink needa a life, right? and doesn't udnerstand the englsih language
(27:27 / All) BoeNarrow: lol
(27:31 / All) BoeNarrow: why would I do anything for you?
(27:35 / All) TheAlchemist: TRASHBAG BITCH
(27:42 / All) BoeNarrow: it's jsut funny now
(27:54 / All) TheAlchemist: AHAHAHAA
(27:56 / All) humankingtomvip: boenarrow thinks hes playing dota
(27:56 / All) TheAlchemist: AHHA LEAVE
(28:02 / All) humankingtomvip: he made moonwell-protector walls
(28:05 / All) humankingtomvip: and only managed his hero
(28:06 / All) humankingtomvip: LOl
(28:08 / All) BoeNarrow: I don't even play doa
(28:16 / All) TheAlchemist: HAHAHD DOTA FAG DOWN
(28:20 / All) humankingtomvip: ONLY MANAGED HERO
(28:23 / All) TheAlchemist: FUCKING ROOT MASTER DOTA BITCH
(28:23 / All) humankingtomvip: MOONWELL PROTECTOR WALLS
(28:25 / All) BoeNarrow: and he's incapable of reading
(28:36 / All) BoeNarrow: so you need a life too, green?
(28:39 / All) BoeNarrow: just fuckin play
(28:40 / All) BoeNarrow: damn
(28:43 / All) TheAlchemist: HAHA U SUCK
(28:44 / Allies) humankingtomvip: i gotta say pandas did worse than i thought they would
(28:46 / All) BoeNarrow: okay
(28:47 / Allies) humankingtomvip: they went straight to dryads
(28:49 / Allies) humankingtomvip: and wyrms
(28:52 / Allies) humankingtomvip: panda sucks vs both thos eunits
(28:58 / All) BoeNarrow: i'm going to go get a beer
(29:03 / All) humankingtomvip: TEARS IN UR BEERS
(29:07 / All) TheAlchemist: u mean steal it from ur whore mom
(29:11 / All) TheAlchemist: ahahaha
(29:13 / All) BoeNarrow: yeah, okay
(29:16 / All) TheAlchemist: stealing beer from ur whore mom
(29:22 / All) TheAlchemist: probably passed out on the couch
(29:26 / All) humankingtomvip: SHES DEAD
(29:28 / All) humankingtomvip: I KILELD HERO
(29:28 / All) BoeNarrow: or at work, same shit